 Dungeon Crawl Stone Soup version 0.29.1-2-gbd0b4ee654 (webtiles) character file.

Game seed: 1701087259176497069

112 LustLizard the Digger (level 4, -2/25 HPs)
             Began as a Gargoyle Earth Elementalist on Nov 29, 2022.
             Killed from afar by a white imp (11 damage)
             ... with a puff of frost
             ... summoned by Natasha
             ... on level 2 of the Dungeon.
             The game lasted 00:04:14 (2931 turns).

LustLizard the Digger (Gargoyle Earth Elementalist) Turns: 2931, Time: 00:04:17

Health: -2/25      AC:  5    Str: 11    XL:     4   Next: 93%
Magic:  6/7        EV:  8    Int: 18    God:
Gold:   41         SH:  5    Dex: 10    Spells: 3/7 levels left

rFire   . . .      SeeInvis .   g - +0 dagger
rCold   . . .      Faith    .   (no shield)
rNeg    + . .      Spirit   .   a - +0 robe
rPois   ∞          Reflect  +   (no helmet)
rElec   +          Harm     .   (no cloak)
rCorr   .          Rampage  .   (no gloves)
Will    .....                   (no boots)
Stlth   ++........              f - amulet of reflection
HPRegen 0.08/turn               (no ring)
MPRegen 0.10/turn               (no ring)

@: grasped by roots, slowed, constricted, very slow
A: sickness immunity, AC +3, negative energy resistance 1, electricity
resistance, torment resistance 1, petrification resistance
a: no special abilities


You were on level 2 of the Dungeon.
You visited 1 branch of the dungeon, and saw 2 of its levels.

You collected 41 gold pieces.

Inventory:

Hand Weapons
 g - a +0 dagger (weapon)
Armour
 a - a +0 robe (worn)
Jewellery
 f - an amulet of reflection (around neck)
Scrolls
 c - 5 scrolls of poison {unknown}
 e - a scroll of brand weapon {unknown}
 i - a scroll of identify {unknown}
 l - a scroll of torment {unknown}
Potions
 b - a potion of magic
 d - 2 potions of cancellation {unknown}
 h - a potion of attraction {unknown}
 j - a potion of ambrosia {unknown}
 k - a potion of mutation {unknown}
 m - a potion of curing {unknown}


   Skills:
 + Level 1.4 Fighting
 - Level 1.5 Dodging
 - Level 2.1 Stealth
 + Level 2.4 Spellcasting
 * Level 1.3 Conjurations
 * Level 2.0 Transmutations
 * Level 4.7 Earth Magic


You had 3 spell levels left.
You knew the following spells:

 Your Spells              Type           Power      Damage    Failure   Level
a - Sandblast             Erth           38%        2d10      2%          1
b - Stone Arrow           Conj/Erth      26%        3d8       16%         3

Your spell library contained the following spells:

 Spells                   Type           Power      Damage    Failure   Level
 Passwall                 Tmut/Erth      11%        N/A       6%          2
 Petrify                  Tmut/Erth      14%        N/A       38%         4


Dungeon Overview and Level Annotations

Branches:
Dungeon (2/15)

Altars:
Trog

Annotations:
D:2 Natasha, Sigmund


Innate Abilities, Weirdness & Mutations

You are immune to sickness and miasma.
Your stone body is resilient. (AC +3)
You are immune to poison.
You resist negative energy. (rN+)
You are resistant to electric shocks. (rElec)
You are resistant to unholy torment.
You are immune to petrification.


Message History

The adder hisses angrily.
Aiming: Sandblast (safe; 2% risk of failure)
Press: ? - help, Q - select action Shift-Dir - straight line, f - adder
Aim: an adder (70% to hit)
The blast of sand hits the adder!
The adder is almost dead.
Unknown command.
Aiming: Sandblast (safe; 2% risk of failure)
Press: ? - help, Q - select action Shift-Dir - straight line, f/p - adder
Aim: an adder (almost dead, 70% to hit)
The blast of sand hits the adder.
You kill the adder!
Unknown command.
Found a spear.
A goblin comes into view. It is wielding a +0 club.
Found 4 stones.
You can't see any susceptible monsters within range! (Use Z to cast anyway.)
The goblin shouts!
The blast of sand hits the goblin!
You kill the goblin!
You see here a +0 spear.
Natasha, Servant of Life and Death comes into view.
She is carrying a wand of roots (8).
Natasha hisses angrily.
Natasha howls an incantation.
Natasha glows brightly for a moment.
Natasha casts a spell.
You see here a +0 club.
You can't see any susceptible monsters within range! (Use Z to cast anyway.) Natasha casts a spell at you.
You feel yourself slow down. The white imp gestures at you.
The puff of frost hits you!
The blast of sand hits Natasha!
Natasha is severely wounded.
Natasha zaps a wand.
The roots erupt in riotous growth!
The grasping roots grab you! The grasping roots constrict you. x2
The white imp gestures at you. The puff of frost hits you!
You die...

........# ............
#..^....# ...........
#.......## ...........
#.......## ..........
#......†##
...5.h...######.......##
.......................#
......(................#
.......@................
........)...........#...
..........).........#...
..........#######...#...
..###.....# #####... .
#.....# #... #.....#
#... #.....# #...
#.....# ####


You could see Natasha and a white imp (summoned).

Vanquished Creatures
  Natasha (D:2)
  An adder (D:2)
  3 gnolls (D:2)
  A worm (D:2)
  4 bats
  5 endoplasms
  A giant cockroach (D:1)
  4 goblins
  6 hobgoblins
  2 jackals (D:1)
  4 kobolds
  2 quokkas
  3 ball pythons (D:1)
  2 frilled lizards (D:1)
  5 rats (D:1)
44 creatures vanquished.

Notes
Turn   | Place    | Note
-------+----------+-------------------------------------------
     0 | D:1      | LustLizard the Gargoyle Earth Elementalist began the quest
                  | for the Orb.
     0 | D:1      | Reached XP level 1. HP: 10/10 MP: 3/3
   519 | D:1      | Reached skill level 1 in Transmutations
   743 | D:1      | Reached XP level 2. HP: 6/16 MP: 1/5
  1282 | D:1      | Reached skill level 4 in Earth Magic
  1599 | D:1      | Found a faded altar of an unknown god.
  1739 | D:1      | Reached XP level 3. HP: 20/20 MP: 4/6
  1860 | D:1      | Reached skill level 1 in Fighting
  2103 | D:1      | Learned a level 3 spell: Stone Arrow
  2246 | D:2      | Found a bloodstained altar of Trog.
  2293 | D:2      | Reached XP level 4. HP: 17/25 MP: 2/7
  2467 | D:2      | Noticed Natasha
  2692 | D:2      | Noticed Sigmund
  2819 | D:2      | Killed Natasha
  2820 | D:2      | Reached skill level 1 in Conjurations
  2928 | D:2      | Noticed Natasha
  2931 | D:2      | Killed from afar by a white imp

Illustrated notes

Levels and vault maps discovered:
D:1:      tarquinn_simple_flora_water_d, layout_loops_ring,
          basic_ecumenical_altar
D:2:      layout_basic, basic_altar, nicolae_wormholes, uniq_terence,
          uniq_sigmund, uniq_natasha

Skill      XL: |  1  2  3  4 |
---------------+-------------+-----
Transmutations | 1 2 |  2.0
Earth Magic    | 4 |  4.7
Fighting       | 1 |  1.4
Conjurations   | 1 |  1.3
Dodging        | |  1.5
Stealth        | |  2.1
Spellcasting   | |  2.4

Action                   |  1- 3 |  4- 6 || total
-------------------------+-------+-------++-------
Melee: Unarmed           |    59 |       ||    59
       Dagger            |    46 |     9 ||    55
       Punch             |       |     1 ||     1
 Cast: Sandblast         |    37 |    13 ||    50
 Stab: Sleeping          |     4 |       ||     4
Armor: Robe              |    30 |     2 ||    32
Dodge: Dodged            |    67 |     5 ||    72
Block: Other             |    17 |     9 ||    26
